 Dungeon Crawl Stone Soup version 0.16.1-14-g82efdee (webtiles) character file.

89 KarvaRausku the Slasher (level 4, 0/26 HPs)
             Began as a Tengu Gladiator on Apr 11, 2015.
             Slain by an adder (4 damage)
             ... on level 2 of the Dungeon.
             The game lasted 00:06:07 (1765 turns).

KarvaRausku the Slasher (Tengu Gladiator)           Turns: 1765, Time: 00:06:08

Health: 0/26       AC:  3    Str: 17    XL:     4   Next: 55%
Magic:  5/5        EV: 10    Int:  8    God:
Gold:   127        SH:  7    Dex: 14    Spells: 0 memorised, 3 levels left

rFire  . . .     SeeInvis .     a - +0 long sword
rCold  . . .     Clarity  .     b - +0 leather armour
rNeg   . . .     SustAb   .     p - +0 shield
rPois  .         Gourm    .     c - +0 hat
rElec  .         Spirit   .     (no cloak)
rCorr  .         Warding  .     (no gloves)
rMut   .         Rnd*Tele +     (boots unavailable)
MR     .....                    (no amulet)
Stlth  +.........               (no ring)
                                m - ring of teleportation (curse)

@: not resistant to hostile enchantments, very unstealthy
A: beak, talons 3
a: Evoke Teleportation


You were on level 2 of the Dungeon.
You were not hungry.

You visited 1 branch of the dungeon, and saw 3 of its levels.

You collected 127 gold pieces.

Inventory:

Hand weapons
 a - a +0 long sword (weapon)
Missiles
 d - 3 throwing nets (quivered)
Armour
 b - a +0 leather armour (worn)
 c - a +0 hat (worn)
 h - a +0 plate armour
 p - a +0 shield (worn)
Jewellery
 m - a cursed ring of teleportation (left hand)
Magical devices
 r - a wand of heal wounds (4)
 s - a wand of enslavement (3)
Scrolls
 g - 4 scrolls of identify {unknown}
 i - 3 scrolls of remove curse {unknown}
 k - a scroll of recharging {unknown}
 n - a scroll of amnesia {unknown}
 u - a scroll of immolation {unknown}
Potions
 e - 2 potions of heal wounds {unknown}
 j - a potion of haste {unknown}
 l - a potion of might {unknown}
 t - a potion of curing {unknown}
Comestibles
 f - 4 bread rations
 o - a meat ration


   Skills:
 - Level 2.0 Fighting
 + Level 5.7 Long Blades
 - Level 2.1 Throwing
 - Level 3.2 Dodging


You had 3 spell levels left.
You didn't know any spells.

Dungeon Overview and Level Annotations

Branches:
Dungeon (3/15)

Altars:


Innate Abilities, Weirdness & Mutations

You have a beak for a mouth.
You have claws for feet.


Message History

You peck the worm.
The worm is severely wounded.
The hobgoblin barely misses you. The rat bites you.
You hit the worm. You claw the worm, but do no damage.
The worm is almost dead.
The worm bites you.
* * * LOW HITPOINT WARNING * * *
You block the hobgoblin's attack. The rat barely misses you.
Your shield prevents you from hitting the worm.
You peck the worm.
You kill the worm!
The hobgoblin barely misses you. The rat barely misses you.
You block the adder's attack.
There is a stone staircase leading up here.
The adder closely misses you. You block the hobgoblin's attack.
The rat completely misses you.
You climb upwards.
There is a stone staircase leading down here.
The hobgoblin closely misses you. The adder bites you.
You die...

....# #.####### ....#
#.......# ....#
#.#####.# ....# #.#
#.# ....#### #.# #.#
....##.# #.# #.#
....##.#######.#####.#
..####.##.......gr...#
................@S...#
..####.###############
..####.#######
....##.......#
....##.#####.#
....##.# #.#########
[...##.# #.........#
.......# #.#######.#
#......# #.# #.#


You could see an adder, a hobgoblin and a rat.

Vanquished Creatures
  Jessica (D:2)
  2 adders (D:2)
  3 worms
  A giant gecko (D:1)
  3 bats (D:1)
  3 giant cockroaches
  A hobgoblin (D:2)
  2 jackals (D:1)
  8 kobolds
  2 giant newts
  4 goblins
  4 rats
34 creatures vanquished.

Vanquished Creatures (others)
  4 toadstools (D:1)
4 creatures vanquished.

Grand Total: 38 creatures vanquished

Notes
Turn   | Place    | Note
--------------------------------------------------------------
     0 | D:1      | KarvaRausku, the Tengu Gladiator, began the quest for the Orb.
     0 | D:1      | Reached XP level 1. HP: 12/12 MP: 1/1
   242 | D:1      | Reached XP level 2. HP: 15/17 MP: 3/3
   315 | D:1      | Reached skill level 4 in Long Blades
   826 | D:2      | Reached XP level 3. HP: 16/21 MP: 4/4
  1245 | D:2      | Reached skill level 5 in Long Blades
  1574 | D:2      | Noticed Jessica
  1630 | D:2      | Killed Jessica
  1630 | D:2      | Reached XP level 4. HP: 19/26 MP: 5/5
  1765 | D:2      | Slain by an adder

Action                   |  1- 3 |  4- 6 || total
-------------------------+-------+-------++-------
Melee: Long sword        |    78 |    16 ||    94
Throw: Throwing net      |     1 |       ||     1
 Stab: Sleeping          |     1 |       ||     1
  Eat: Chunk             |     2 |     1 ||     3
